BSA
ORLANDO CALRISSIAN @ NEW YORK KNIGHTS
05/01/2028
 
TOP OF THE 1ST
Orlando Calrissian batting - Pitching for New York Knights : LHP Phil Davis
Pitching: LHP Phil Davis
Batting: RHB Jesús Gonzáles 0-0: Called Strike
0-1: Ball
1-1: Ball
2-1: Ball
3-1: Called Strike
3-2: SINGLE (Line Drive, 9LS)
Batting: RHB Raúl Canó 0-0: Foul Ball, location: 2F
0-1: Ball
1-1: Called Strike
1-2: Foul Ball, location: 2F
1-2: Foul Ball, location: 2F
1-2: DOUBLE (Line Drive, 78XD)
Jesús Gonzáles to third
Runner from 3rd tries for Home, SAFE, no throw
Batting: RHB Rich Anderson 0-0: Ball
1-0: Swinging Strike
1-1: Ball
2-1: Foul Ball, location: 2F
2-2: Ground out 6-3 (Groundball, 6)
Batting: RHB Frederico Hernández 0-0: Ground out 6-3 (Groundball, 6)
Batting: SHB Brian Price 0-0: Called Strike
0-1: Called Strike
0-2: Ball
1-2: Strikes out swinging
Top of the 1st over - 1 run(s), 2 hit(s), 0 error(s), 1 left on base; Orlando 1 - New York 0
BOTTOM OF THE 1ST
New York Knights batting - Pitching for Orlando Calrissian : LHP José Ramírez
Pitching: LHP José Ramírez
Batting: LHB Warren Potter 0-0: Ground out 5-3 (Groundball, 56S)
Batting: RHB Pepe Carrasco 0-0: SINGLE (Groundball, 3D)
Batting: RHB Lonnie Anderson 0-0: Called Strike
0-1: Fielders Choice at 2nd, 4-6 (Groundball, 4)
Batting: SHB Marvin Harris 0-0: Ball
Lonnie Anderson is caught stealing 2nd base
Bottom of the 1st over - 0 run(s), 1 hit(s), 0 error(s), 0 left on base; Orlando 1 - New York 0
TOP OF THE 2ND
Orlando Calrissian batting - Pitching for New York Knights : LHP Phil Davis
Batting: SHB Tim Abbott 0-0: Foul Ball, location: 2F
0-1: Ground out 1-3 (Groundball, 15)
Batting: LHB Santiago Márquez 0-0: Called Strike
0-1: Foul Ball, location: 2F
0-2: Ball
1-2: Ball
2-2: Ball
3-2: Foul Ball, location: 2F
3-2: Foul Ball, location: 2F
3-2: Foul Ball, location: 2F
3-2: Fly out, F7 (Line Drive, 78M)
Batting: RHB Júlio Negrón 0-0: Called Strike
0-1: Ball
1-1: Swinging Strike
1-2: Ground out U3 (Groundball, 3)
Top of the 2nd over - 0 run(s), 0 hit(s), 0 error(s), 0 left on base; Orlando 1 - New York 0
BOTTOM OF THE 2ND
New York Knights batting - Pitching for Orlando Calrissian : LHP José Ramírez
Batting: SHB Marvin Harris 0-0: Swinging Strike
0-1: Swinging Strike
0-2: Strikes out swinging
Batting: RHB Cheng-ho Qiao 0-0: Foul Ball, location: 2F
0-1: Called Strike
0-2: Ball
1-2: Ball
2-2: Ball
3-2: Base on Balls
Batting: LHB Marcos Pérez 0-0: Ball
1-0: Called Strike
1-1: Foul Ball, location: 2F
1-2: Foul Ball, location: 2F
1-2: Strikes out swinging
Batting: LHB Dan Hamilton 0-0: Ball
1-0: Ball
2-0: Ball
Wild Pitch!
Cheng-ho Qiao to second
3-0: Called Strike
3-1: Foul Ball, location: 2F
3-2: Foul Ball, location: 2F
3-2: Ground out U3 (Groundball, 34)
Bottom of the 2nd over - 0 run(s), 0 hit(s), 0 error(s), 1 left on base; Orlando 1 - New York 0
TOP OF THE 3RD
Orlando Calrissian batting - Pitching for New York Knights : LHP Phil Davis
Batting: RHB José Pérez 0-0: Called Strike
0-1: Foul Ball, location: 2F
0-2: Ground out U3 (Groundball, 3S)
Batting: RHB Jesús Gonzáles 0-0: Foul Ball, location: 2F
0-1: Called Strike
0-2: Ball
1-2: Foul Ball, location: 2F
1-2: Ball
2-2: Ball
3-2: Foul Ball, location: 2F
3-2: Foul Ball, location: 2F
3-2: SINGLE (Line Drive, 78S)
Batting: RHB Raúl Canó 0-0: Ball
1-0: Foul Ball, location: 2F
1-1: Fielders Choice at 2nd, 5-4 (Groundball, 56)
Batting: RHB Rich Anderson 0-0: Called Strike
0-1: Ball
1-1: Called Strike
Raúl Canó is caught stealing 2nd base
Top of the 3rd over - 0 run(s), 1 hit(s), 0 error(s), 0 left on base; Orlando 1 - New York 0
BOTTOM OF THE 3RD
New York Knights batting - Pitching for Orlando Calrissian : LHP José Ramírez
Batting: RHB Xavier Feliciano 0-0: Fly out, F5 (Line Drive, 5)
Batting: LHB Al Mills 0-0: Ball
1-0: Called Strike
1-1: Called Strike
1-2: Strikes out swinging
Batting: LHB Warren Potter 0-0: Ball
1-0: Ball
2-0: DOUBLE (Flyball, 8RXD)
Batting: RHB Pepe Carrasco 0-0: Foul Ball, location: 2F
0-1: Ball
1-1: Foul Ball, location: 2F
1-2: Fly out, F9 (Flyball, 89D)
Bottom of the 3rd over - 0 run(s), 1 hit(s), 0 error(s), 1 left on base; Orlando 1 - New York 0
TOP OF THE 4TH
Orlando Calrissian batting - Pitching for New York Knights : LHP Phil Davis
Batting: RHB Rich Anderson 0-0: Foul Ball, location: 2F
0-1: Foul Ball, location: 2F
0-2: Ball
1-2: Ball
2-2: Ball
3-2: Ground out 2-3 (Groundball, 2L)
Batting: RHB Frederico Hernández 0-0: Ball
1-0: Fly out, F9 (Flyball, 89D)
Batting: SHB Brian Price 0-0: Foul Ball, location: 2F
0-1: Foul Ball, location: 2F
0-2: Ball
1-2: Foul Ball, location: 2F
1-2: Ball
2-2: Ground out 6-3 (Groundball, 6)
Top of the 4th over - 0 run(s), 0 hit(s), 0 error(s), 0 left on base; Orlando 1 - New York 0
BOTTOM OF THE 4TH
New York Knights batting - Pitching for Orlando Calrissian : LHP José Ramírez
Batting: RHB Lonnie Anderson 0-0: Ball
1-0: Ground out 4-3 (Groundball, 4)
Batting: SHB Marvin Harris 0-0: Ball
1-0: Fly out, F8 (Flyball, 89M)
Batting: RHB Cheng-ho Qiao 0-0: Ball
1-0: Ball
2-0: Called Strike
2-1: SOLO HOME RUN (Flyball, 78XD), Distance : 398 ft
Batting: LHB Marcos Pérez 0-0: Called Strike
0-1: Ball
1-1: Foul Ball, location: 2F
1-2: Foul Ball, location: 2F
1-2: Fly out, F9 (Flyball, 89S)
Bottom of the 4th over - 1 run(s), 1 hit(s), 0 error(s), 0 left on base; Orlando 1 - New York 1
TOP OF THE 5TH
Orlando Calrissian batting - Pitching for New York Knights : LHP Phil Davis
Batting: SHB Tim Abbott 0-0: Called Strike
0-1: Swinging Strike
0-2: Ball
1-2: Ball
2-2: Ball
3-2: Base on Balls
Batting: LHB Santiago Márquez 0-0: Ball
1-0: Swinging Strike
1-1: Ball
2-1: Ball
3-1: Swinging Strike
3-2: Base on Balls
Tim Abbott to second
Pitching: RHP David Bishop
Batting: RHB Júlio Negrón 0-0: Called Strike
0-1: Ball
1-1: Ball
2-1: Foul Ball, location: 2F
2-2: Foul Ball, location: 2F
2-2: Ball
3-2: Base on Balls
Tim Abbott to third
Santiago Márquez to second
Batting: RHB José Pérez 0-0: Ball
1-0: Ground out 5-3 (Groundball, 56S)
Tim Abbott scores
Santiago Márquez to third
Júlio Negrón to second
Batting: RHB Jesús Gonzáles 0-0: Called Strike
0-1: Ball
1-1: Ball
2-1: Ball
3-1: Called Strike
3-2: Base on Balls
Batting: RHB Raúl Canó 0-0: Ball
1-0: Fly out, F9 (Flyball, 89M)
Runner from 3rd tags up, SCORES, throw made
Batting: RHB Rich Anderson 0-0: Ball
1-0: Ball
2-0: Called Strike
2-1: Foul Ball, location: 2F
2-2: Foul Ball, location: 2F
2-2: Foul Ball, location: 2F
2-2: Foul Ball, location: 2F
2-2: Foul Ball, location: 2F
2-2: Ball
3-2: SINGLE (Groundball, 6MD)
Júlio Negrón to third
Jesús Gonzáles to second
Júlio Negrón scores
Jesús Gonzáles to third
Batting: RHB Frederico Hernández 0-0: Ball
1-0: Ball
2-0: Called Strike
2-1: Called Strike
2-2: Foul Ball, location: 2F
2-2: Ball
3-2: Ground out 6-3 (Groundball, 56)
Top of the 5th over - 3 run(s), 1 hit(s), 0 error(s), 2 left on base; Orlando 4 - New York 1
BOTTOM OF THE 5TH
New York Knights batting - Pitching for Orlando Calrissian : LHP José Ramírez
Batting: LHB Dan Hamilton 0-0: SINGLE (Line Drive, 89S)
Batting: RHB Xavier Feliciano 0-0: Foul Ball, location: 2F
0-1: Fly out, F8 (Flyball, 8RXD)
Batting: LHB Al Mills 0-0: Ball
1-0: Ball
2-0: Swinging Strike
2-1: Grounds into double play, 4-6-3 (Groundball, 34)
Bottom of the 5th over - 0 run(s), 1 hit(s), 0 error(s), 0 left on base; Orlando 4 - New York 1
TOP OF THE 6TH
Orlando Calrissian batting - Pitching for New York Knights : RHP David Bishop
Batting: SHB Brian Price 0-0: Called Strike
0-1: Ball
1-1: Fly out, F7 (Flyball, 7D)
Batting: SHB Tim Abbott 0-0: Foul Ball, location: 2F
0-1: Called Strike
0-2: Fly out, F9 (Flyball, 9LDF)
Batting: LHB Santiago Márquez 0-0: Ball
1-0: Ball
2-0: Ball
3-0: Base on Balls
Pitching: RHP José Navarro
Batting: RHB Júlio Negrón 0-0: Ball
1-0: Ball
2-0: Called Strike
2-1: Foul Ball, location: 2F
2-2: Strikes out swinging
Top of the 6th over - 0 run(s), 0 hit(s), 0 error(s), 1 left on base; Orlando 4 - New York 1
BOTTOM OF THE 6TH
New York Knights batting - Pitching for Orlando Calrissian : LHP José Ramírez
Batting: LHB Warren Potter 0-0: Foul Ball, location: 2F
0-1: Swinging Strike
0-2: Ball
1-2: Ball
2-2: Strikes out swinging, 2-3 out at first.
Batting: RHB Pepe Carrasco 0-0: Ball
1-0: Swinging Strike
1-1: Ball
2-1: Ball
3-1: Called Strike
3-2: Base on Balls
Batting: RHB Lonnie Anderson 0-0: Called Strike
0-1: Ball
1-1: Foul Ball, location: 2F
1-2: Fly out, F8 (Flyball, 8RM)
Batting: SHB Marvin Harris 0-0: Called Strike
0-1: Foul Ball, location: 2F
0-2: Foul Ball, location: 2F
0-2: Ball
Wild Pitch!
Pepe Carrasco to second
1-2: Ball
2-2: Foul Ball, location: 2F
2-2: DOUBLE (Line Drive, 7D)
Pepe Carrasco scores
Batting: RHB Cheng-ho Qiao 0-0: Swinging Strike
0-1: Called Strike
0-2: Ball
1-2: Ball
2-2: Ball
3-2: Strikes out swinging
Bottom of the 6th over - 1 run(s), 1 hit(s), 0 error(s), 1 left on base; Orlando 4 - New York 2
TOP OF THE 7TH
Orlando Calrissian batting - Pitching for New York Knights : RHP José Navarro
Batting: RHB José Pérez 0-0: Hit by Pitch
Batting: RHB Jesús Gonzáles 0-0: Ball
1-0: Sac Bunt - play at first, batter OUT! 1-4
José Pérez to second
Batting: RHB Raúl Canó 0-0: Called Strike
0-1: Ball
1-1: Ball
2-1: Foul Ball, location: 2F
2-2: 2-RUN HOME RUN (Flyball, 78XD), Distance : 415 ft
Pitching: RHP Steve Poe
Batting: RHB Rich Anderson 0-0: Ball
1-0: Called Strike
1-1: Fly out, F9 (Line Drive, 89S)
Batting: RHB Frederico Hernández 0-0: Ball
1-0: Ball
2-0: DOUBLE (Flyball, 78XD)
Batting: SHB Brian Price 0-0: Ball
1-0: Called Strike
1-1: Hit by Pitch
Batting: SHB Tim Abbott 0-0: Called Strike
0-1: Ball
1-1: Foul Ball, location: 2F
1-2: Ball
2-2: Ball
3-2: Foul Ball, location: 2F
3-2: Strikes out swinging
Top of the 7th over - 2 run(s), 2 hit(s), 0 error(s), 2 left on base; Orlando 6 - New York 2
BOTTOM OF THE 7TH
New York Knights batting - Pitching for Orlando Calrissian : LHP José Ramírez
Batting: LHB Marcos Pérez 0-0: Called Strike
0-1: Foul Ball, location: 2F
0-2: Ball
1-2: SINGLE (Flyball, 7LM)
Batting: LHB Dan Hamilton 0-0: Fly out, F9 (Flyball, 9S)
Batting: RHB Xavier Feliciano 0-0: Ball
1-0: Ground out 3-1 (Groundball, 34S)
Marcos Pérez to second
Batting: LHB Al Mills 0-0: Ball
1-0: Called Strike
1-1: SINGLE (Groundball, 56D)
Marcos Pérez to third
Runner from 3rd tries for Home, throw and OUT!
Bottom of the 7th over - 0 run(s), 2 hit(s), 0 error(s), 1 left on base; Orlando 6 - New York 2
TOP OF THE 8TH
Orlando Calrissian batting - Pitching for New York Knights : RHP Steve Poe
Batting: LHB Santiago Márquez 0-0: Called Strike
0-1: Fly out, F3 (Line Drive, 34)
Batting: RHB Júlio Negrón 0-0: Called Strike
0-1: Foul Ball, location: 2F
0-2: Foul Ball, location: 2F
0-2: Strikes out looking
Batting: RHB José Pérez 0-0: Ground out 4-3 (Groundball, 4)
Top of the 8th over - 0 run(s), 0 hit(s), 0 error(s), 0 left on base; Orlando 6 - New York 2
BOTTOM OF THE 8TH
New York Knights batting - Pitching for Orlando Calrissian : LHP José Ramírez
Batting: LHB Warren Potter 0-0: Ball
1-0: Called Strike
1-1: Ball
2-1: Fly out, F7 (Flyball, 7S)
Batting: RHB Pepe Carrasco 0-0: Called Strike
0-1: Called Strike
0-2: Ball
1-2: Fly out, F8 (Flyball, 8LXD)
Batting: RHB Lonnie Anderson 0-0: Ground out 4-3 (Groundball, 4)
Bottom of the 8th over - 0 run(s), 0 hit(s), 0 error(s), 0 left on base; Orlando 6 - New York 2
TOP OF THE 9TH
Orlando Calrissian batting - Pitching for New York Knights : RHP Steve Poe
Batting: RHB Jesús Gonzáles 0-0: Foul Ball, location: 2F
0-1: Ball
1-1: Ball
2-1: Ball
3-1: Foul Ball, location: 2F
3-2: Base on Balls
Pitching: RHP Pedro Cabrera
Batting: RHB Raúl Canó 0-0: Ball
1-0: Sac Bunt - play at first, batter OUT! 5-3
Jesús Gonzáles to second
Batting: RHB Rich Anderson 0-0: Intentional Walk
Batting: RHB Frederico Hernández 0-0: Foul Ball, location: 2F
0-1: Ball
1-1: Swinging Strike
1-2: Fly out, F8 (Line Drive, 8LD)
Runner from 2nd tags up, SAFE at 3rd, no throw
Batting: SHB Brian Price 0-0: Swinging Strike
0-1: Ground out 4-3 (Groundball, 34)
Top of the 9th over - 0 run(s), 0 hit(s), 0 error(s), 2 left on base; Orlando 6 - New York 2
BOTTOM OF THE 9TH
New York Knights batting - Pitching for Orlando Calrissian : LHP José Ramírez
Batting: SHB Marvin Harris 0-0: Ball
1-0: Foul Ball, location: 2F
1-1: Swinging Strike
1-2: Ball
2-2: Ball
3-2: Base on Balls
Batting: RHB Cheng-ho Qiao 0-0: Ball
1-0: Ball
2-0: SINGLE (Line Drive, 8RS)
Marvin Harris to second
Pitching: LHP Xavier Velázquez
Batting: LHB Marcos Pérez 0-0: Foul Ball, location: 2F
0-1: Swinging Strike
0-2: Ball
1-2: Strikes out looking
Batting: LHB Dan Hamilton 0-0: 3-RUN HOME RUN (Line Drive, 9LD), Distance : 344 ft
Batting: RHB Xavier Feliciano 0-0: Ball
1-0: Ball
2-0: Ball
3-0: Foul Ball, location: 2F
3-1: Base on Balls
Pinch Runner at 1st Mike Harris:
Batting: LHB Al Mills 0-0: Ball
1-0: Called Strike
1-1: Ball
2-1: Foul Ball, location: 2F
2-2: Ball
3-2: Strikes out swinging
Batting: LHB Warren Potter 0-0: Ball
1-0: Ball
2-0: Fielders Choice at 2nd, 6-4 (Groundball, 6)
Bottom of the 9th over - 3 run(s), 2 hit(s), 0 error(s), 0 left on base; Orlando 6 - New York 5
Tuesday, August 8th, 2017 - OOTP Baseball 17.12 Build 75